 Dungeon Crawl Stone Soup version 0.24-a0-232-g49d9ff8 (webtiles) character file.

Game seed: 5407481424533513317

27392 JeffiDaFish the Jinx (level 13, -6/55 HPs)
             Began as a Spriggan Enchanter on Apr 2, 2019.
             Was a High Priest of Sif Muna.
             Mangled by Rupert
             ... wielding a +2 great sword of holy wrath
              (41 damage)
             ... while paralysed by Rupert
             ... on level 3 of the Lair of Beasts on Apr 5, 2019.
             The game lasted 01:06:17 (17461 turns).

JeffiDaFish the Jinx (Spriggan Enchanter)          Turns: 17461, Time: 01:06:17

Health: -6/55      AC: 11    Str:  5    XL:     13   Next: 4%
Magic:  41/41      EV:  4    Int: 20    God:    Sif Muna [*****.]
Gold:   770        SH:  0    Dex: 19    Spells: 28/41 levels left

rFire    + . .     SeeInvis +   a - +3 dagger (venom)
rCold    . . .     Gourm    .   (shield restricted)
rNeg     . . .     Faith    .   F - +4 troll leather armour
rPois    .         Spirit   .   (helmet restricted)
rElec    .         Reflect  .   O - +2 cloak
rCorr    .         Harm     .   (gloves unavailable)
MR       ++...     Clarity  +   (boots unavailable)
Stlth    ++++++....             (no amulet)
HPRegen  0.58/turn              y - ring of magical power
MPRegen  0.27/turn              C - ring of protection from fire

@: paralysed, divine energy, very quick
A: very small, unfitting armour, hooves 1, thin skeletal structure 1, see
invisible, clarity, herbivore, speed 3, slow metabolism 2
a: Stop Divine Energy, Channel Magic, Forget Spell, Renounce Religion


You were on level 3 of the Lair of Beasts.
You worshipped Sif Muna.
Sif Muna was extremely pleased with you.
You were very hungry.

You visited 3 branches of the dungeon, and saw 18 of its levels.

You collected 1068 gold pieces.
You spent 298 gold pieces at shops.

Inventory:

Hand Weapons
 a - a +3 dagger of venom (weapon)
 h - a +2 dagger of flaming
 l - a +0 blowgun
Missiles
 m - 7 curare-tipped needles (quivered)
 n - 79 poisoned needles
Armour
 F - a +4 troll leather armour (worn)
 O - a +2 cloak (worn)
Magical Staves
 o - an uncursed staff of earth
Jewellery
 c - an uncursed ring of fire
 j - an uncursed ring of poison resistance {unknown}
 y - a ring of magical power (left hand)
 C - a ring of protection from fire (right hand)
 D - a +4 ring of strength {unknown}
 G - an uncursed ring of magical power
 I - an uncursed ring of ice
 J - an uncursed ring of protection from fire
Wands
 u - a wand of iceblast (8)
 v - a wand of disintegration (26)
 w - a wand of paralysis (11)
 E - a wand of clouds (6)
Scrolls
 f - 7 scrolls of remove curse
 g - 16 scrolls of identify
 i - 3 scrolls of amnesia
 s - a scroll of fear
 x - a scroll of silence
 A - 6 scrolls of teleportation
 K - a scroll of enchant armour
 M - a scroll of magic mapping
Potions
 b - 2 potions of flight
 e - a potion of mutation
 k - 8 potions of curing
 p - a potion of magic
 q - a potion of might
 r - 5 potions of heal wounds
 z - 2 potions of haste
 B - 3 potions of ambrosia
 L - a potion of agility
 N - 2 potions of brilliance
Comestibles
 d - 30 rations


   Skills:
 + Level 4.8 Short Blades
 + Level 12.6 Dodging
 + Level 14.0 Stealth
 * Level 14.6 Spellcasting
 * Level 14.9 Hexes


You had 28 spell levels left.
You knew the following spells:

 Your Spells              Type           Power        Failure   Level  Hunger
a - Corona                Hex            ######.      0%          1    None
b - Ensorcelled Hibernat  Hex/Ice        #####.       1%          2    None
c - Confuse               Hex            ######..     1%          3    None
d - Dazzling Spray        Conj/Hex       #####.       1%          3    None
e - Cause Fear            Hex            ######....   1%          4    None

Your spell library contained the following spells:

 Spells                   Type           Power        Failure   Level  Hunger
 Slow                     Hex            ######..     1%          2    None
 Inner Flame              Hex/Fire       #####...     1%          3    None
 Portal Projectile        Hex/Tloc       #####.       1%          3    None
 Tukima's Dance           Hex            ######..     1%          3    None
 Leda's Liquefaction      Hex/Erth       #####.....   3%          4    None
 Passwall                 Tmut/Erth      ##......     11%         2    None
 Shroud of Golubria       Chrm/Tloc      ##........   11%         2    None
 Gell's Gravitas          Tloc           ##........   22%         3    None
 Teleport Other           Tloc           ##......     22%         3    None
 Dispersal                Tloc           ##........   100%        6    #####..


Dungeon Overview and Level Annotations

Branches:
Dungeon (14/15)            Temple (1/1) D:7            Lair (3/6) D:11
  Swamp (0/4) Lair:2        Snake (0/4) Lair:3          Orc (0/2) D:10
 Vaults: D:13-14

Altars:
Ashenzari
Cheibriados
Dithmenos
Elyvilon
Fedhas
Gozag
Hepliaklqana
Kikubaaqudgha
Makhleb
Nemelex Xobeh
Okawaru
Qazlal
Ru
Sif Muna
Trog
Uskayaw
Vehumet
Wu Jian
Xom
Yredelemnul
Zin
The Shining One

Shops:
D:5 ![*%   D:8 !

Annotations:
D:11 3 runed translucent doors, brennanasaurus's ghost, journeyman DrBe
D:14 Snorg
Lair:2 3 runed translucent doors, ShuntMcGuppin's ghost, journeyman FeEn
Lair:3 Rupert


Innate Abilities, Weirdness & Mutations

You are very small and have problems with some larger weapons.
You are too small for most types of armour.
You have supernaturally acute eyesight. (SInv)
You are a herbivore.
You cover ground extremely quickly.
You need to consume almost no food.
You have large cloven feet.
You have a somewhat thin skeletal structure. (Dex +2, Stealth)
You possess an exceptional clarity of mind.


Message History

You start putting on your armour.
You continue putting on your runed cloak. x5
You finish putting on your +2 cloak.
Drop what? 41/52 slots (_ for help) (? for menu, Esc to quit)
You drop a +0 cloak.
As you read the scroll of enchant weapon, it crumbles to dust.
Your +2 dagger of venom glows red for a moment.
Rupert the Wild comes into view.
He is wielding a +2 great sword of holy wrath.
Found 23 stones.
Rupert shouts!
Rupert roars wildly at you.
You suddenly lose the ability to move!
Rupert hits you with a +2 great sword of holy wrath!
Rupert roars madly and goes into a rage!
Rupert goes berserk!
Rupert barely misses you.
Rupert hits you with a +2 great sword of holy wrath!
Rupert hits you with a +2 great sword of holy wrath!!!
Ouch! That really hurt!
You die...

#....................
#...........#.......#
#...........#.......#
#...........###...###
##....................
#.....................
#...............P#.+#
#..#....##......##...
##.##@....#...........
#..##@...##.......#...
#..#.....##......##...
#(.###P.##.......##...
#..####...#.......####
##...............#.#P#
#....................
#.................P..
###.###########.##.P.


You could see Rupert (berserk).

Vanquished Creatures
  Erolcha (D:12)
  Harold (D:9)
  2 hydras
  Fannar (Lair:3)
  A centaur warrior (D:9)
  3 two-headed ogres
  An unseen horror (shapeshifter) (D:9)
  A lindwurm (Lair:1)
  A deep elf mage (D:12)
  Pikel (D:6)
  2 ugly things
  3 black mambas
  Psyche (D:8)
  A centaur skeleton (D:10)
  5 spiny frogs
  A rime drake (Lair:3)
  3 komodo dragons
  3 trolls
  A bog body (Lair:2)
  6 hippogriffs
  3 wyverns
  21 yaks
  3 hungry ghosts
  4 nagas (Lair:3)
  An acid dragon (D:11)
  5 porcupines
  5 water moccasins
  5 orc warriors
  7 ice beasts
  A necrophage (D:9)
  2 phantoms
  2 black bears (D:11)
  2 sky beasts
  10 centaurs
  3 wolves
  7 ogres
  2 crocodiles
  2 big kobolds
  Blork the orc (D:4)
  10 bullfrogs
  A gnoll sergeant (D:5)
  A scorpion (D:6)
  18 killer bees
  4 wights
  4 crimson imps
  10 electric eels
  5 howler monkeys
  A centaur zombie (D:5)
  2 jellies
  A quasit (D:9)
  2 bullfrog zombies
  A wyvern simulacrum (D:11)
  6 hounds
  3 orc priests
  A gnoll shaman (D:6)
  4 bullfrog skeletons
  12 orc wizards
  9 worker ants
  2 killer bee zombies (D:8)
  A worker ant zombie (D:10)
  Robin (D:4)
  16 gnolls
  4 howler monkey skeletons
  14 adders
  4 shadow imps
  An ufetubus (D:11)
  An ooze (D:1)
  3 adder zombies
  An adder skeleton (D:6)
  4 worms
  7 leopard geckos
  62 orcs
  10 giant cockroaches
  13 goblins
  4 hobgoblins
  14 jackals
  25 kobolds
  5 quokkas
  3 ball pythons
  8 bats
  4 frilled lizards
  A leopard gecko skeleton (D:4)
  A quokka zombie (D:9)
  7 rats
436 creatures vanquished.

Vanquished Creatures (others)
  A kobold (D:4)
  A plant (Lair:2)
2 creatures vanquished.

Grand Total: 438 creatures vanquished

Notes
Turn   | Place    | Note
-------+----------+-------------------------------------------
     0 | D:1      | JeffiDaFish the Spriggan Enchanter began the quest for the
                  | Orb.
     0 | D:1      | Reached XP level 1. HP: 9/9 MP: 5/5
   595 | D:1      | Reached XP level 2. HP: 13/13 MP: 6/6
   686 | D:1      | Learned a level 2 spell: Ensorcelled Hibernation
  1443 | D:2      | Reached XP level 3. HP: 16/16 MP: 8/8
  1697 | D:2      | Reached skill level 5 in Stealth
  1862 | D:2      | Gained mutation: You have a somewhat thin skeletal
                  | structure. (Dex +2, Stealth) [potion of mutation]
  1862 | D:2      | Gained mutation: You have large cloven feet. [potion of
                  | mutation]
  1862 | D:2      | Gained mutation: You possess an exceptional clarity of
                  | mind. [potion of mutation]
  1884 | D:2      | Reached XP level 4. HP: 19/21 MP: 5/10
  2404 | D:2      | Learned a level 3 spell: Confuse
  2413 | D:2      | Learned a level 3 spell: Dazzling Spray
  2788 | D:3      | Found a shattered altar of Ashenzari.
  3130 | D:3      | Reached skill level 5 in Hexes
  3181 | D:3      | Reached XP level 5. HP: 24/24 MP: 12/12
  3357 | D:3      | Found a deep blue altar of Sif Muna.
  3478 | D:4      | Noticed Robin
  3856 | D:4      | Noticed a hungry ghost
  3879 | D:4      | Killed a hungry ghost
  3879 | D:4      | Reached skill level 5 in Spellcasting
  3879 | D:4      | Reached XP level 6. HP: 23/28 MP: 9/14
  4098 | D:4      | Reached skill level 5 in Dodging
  4150 | D:4      | Noticed Blork the orc
  4160 | D:4      | Killed Blork the orc
  4268 | D:4      | Reached XP level 7. HP: 17/32 MP: 9/16
  4735 | D:4      | Found a hazy altar of Hepliaklqana.
  4799 | D:4      | Killed Robin
  5085 | D:5      | Entered Level 5 of the Dungeon
  5087 | D:5      | Found Uhymuss's Antique Armour Emporium.
  5103 | D:5      | Found Musyllo's Distillery.
  5285 | D:5      | Bought a potion of magic for 88 gold pieces
  5285 | D:5      | Bought a potion of might for 44 gold pieces
  5285 | D:5      | Bought a potion of heal wounds for 55 gold pieces
  5285 | D:5      | Bought a potion of curing for 33 gold pieces
  5605 | D:5      | Found Yrchanitt's Assorted Antiques.
  5623 | D:5      | Reached XP level 8. HP: 36/36 MP: 10/19
  5672 | D:5      | Found Hicifuts's Food Shop.
  7226 | D:6      | Found a sparkling altar of Nemelex Xobeh.
  7254 | D:6      | Noticed Pikel
  7294 | D:6      | Killed Pikel
  7294 | D:6      | Reached XP level 9. HP: 39/39 MP: 15/22
  7419 | D:6      | Found a white marble altar of Elyvilon.
  8454 | D:7      | Reached skill level 10 in Hexes
  8790 | D:7      | Found a shimmering altar of Xom.
  8912 | D:7      | Found a shadowy altar of Dithmenos.
  9010 | D:7      | Reached skill level 10 in Spellcasting
  9012 | D:7      | Reached skill level 10 in Stealth
  9224 | D:7      | Found a staircase to the Ecumenical Temple.
  9240 | Temple   | Entered the Ecumenical Temple
  9336 | Temple   | Became a worshipper of Sif Muna the Loreminder
  9658 | D:8      | Found Oquon's Distillery.
  9661 | D:8      | Bought a potion of curing for 39 gold pieces
  9661 | D:8      | Bought a potion of curing for 39 gold pieces
  9801 | D:8      | Reached XP level 10. HP: 33/44 MP: 25/25
 10130 | D:8      | Noticed Psyche
 10130 | D:8      | Noticed a two-headed ogre
 10205 | D:8      | Killed a two-headed ogre
 10205 | D:8      | Reached * piety under Sif Muna
 10280 | D:8      | Killed Psyche
 10658 | D:8      | Found an opulent altar of Gozag.
 10661 | D:8      | Found a shadowy altar of Dithmenos.
 10664 | D:8      | Found a sacrificial altar of Ru.
 10754 | D:9      | Noticed a two-headed ogre
 10819 | D:9      | Killed a two-headed ogre
 10994 | D:9      | Noticed Harold
 11003 | D:9      | Killed Harold
 11003 | D:9      | Reached skill level 10 in Dodging
 11265 | D:9      | Reached ** piety under Sif Muna
 11302 | D:9      | Noticed an unseen horror
 11302 | D:9      | a wind drake changed into an unseen horror
 11310 | D:9      | Killed an unseen horror
 11310 | D:9      | Reached XP level 11. HP: 39/47 MP: 24/27
 11344 | D:9      | Noticed a centaur warrior
 11351 | D:9      | Killed a centaur warrior
 11499 | D:9      | Learned a level 4 spell: Cause Fear
 11934 | D:10     | Entered Level 10 of the Dungeon
 11961 | D:10     | Noticed a cyan ugly thing
 11977 | D:10     | Killed a cyan ugly thing
 11978 | D:10     | Upgraded the game from 0.24-a0-230-g536ed4e to
                  | 0.24-a0-232-g49d9ff8
 12096 | D:10     | Found a staircase to the Orcish Mines.
 12371 | D:10     | Reached *** piety under Sif Muna
 12497 | D:10     | Found a glowing golden altar of the Shining One.
 12988 | D:11     | Reached **** piety under Sif Muna
 13188 | D:11     | Found a staircase to the Lair.
 13225 | D:11     | Noticed a seven-headed hydra
 13257 | D:11     | Killed a seven-headed hydra
 13497 | D:11     | Noticed a white ugly thing
 13528 | D:11     | Killed a white ugly thing
 13777 | D:11     | Noticed a two-headed ogre
 13790 | D:11     | Killed a two-headed ogre
 13841 | D:11     | Found a runed translucent gate.
 13842 | D:11     | Found a runed translucent gate.
 13843 | D:11     | Found a runed translucent gate.
 13864 | D:11     | Noticed brennanasaurus's ghost (journeyman DrBe)
 13946 | D:11     | You fall through a shaft for 3 floors!
 13947 | D:14     | Noticed Snorg
 13967 | D:14     | Noticed a tengu warrior
 13976 | D:12     | Noticed Erolcha
 13994 | D:12     | Noticed a deep elf mage
 14002 | D:12     | Killed Erolcha
 14002 | D:12     | Reached XP level 12. HP: 29/51 MP: 28/30
 14598 | Lair:1   | Entered Level 1 of the Lair of Beasts
 14757 | Lair:1   | Reached ***** piety under Sif Muna
 15025 | Lair:1   | Identified Sif Muna's Volume of Dusty Translocation (Sif
                  | Muna gifted it to you on level 1 of the Lair of Beasts)
 15025 | Lair:1   | Received a gift from Sif Muna
 15571 | Lair:2   | Noticed a six-headed hydra
 15607 | Lair:2   | Noticed ShuntMcGuppin's ghost (journeyman FeEn)
 15623 | Lair:2   | Killed a six-headed hydra
 15968 | Lair:2   | Found a glowing golden altar of the Shining One.
 16262 | Lair:2   | Found a staircase to the Swamp.
 16361 | Lair:2   | Found a runed translucent gate.
 16362 | Lair:2   | Found a runed translucent gate.
 16363 | Lair:2   | Found a runed translucent gate.
 16721 | Lair:3   | Found a staircase to the Snake Pit.
 16846 | Lair:3   | Noticed Fannar
 16867 | Lair:3   | Killed Fannar
 16966 | Lair:3   | Found a hazy altar of Hepliaklqana.
 17025 | Lair:3   | Reached XP level 13. HP: 55/55 MP: 9/32
 17432 | Lair:3   | Noticed Rupert
 17455 | Lair:3   | Paralysed by Rupert for 7 turns
 17461 | Lair:3   | Mangled by Rupert

Levels and vault maps discovered:
D:1:      saegor_arrival_simple_c, layout_basic
D:2:      layout_loops_ring
D:3:      layout_rooms, ashenzari_conservatory_becter, serial_bayou,
          serial_bayou_lagoon_a, serial_bayou_pond_d, serial_bayou_crossing,
          serial_bayou_ford_a, serial_bayou_pond_b, lemuel_blue_sif_altar
D:4:      kennysheep_kobold_camp, layout_basic, kennysheep_little_box,
          uniq_robin, uniq_blork_the_orc
D:5:      layout_basic, first_ration, serial_shops, shop_statue,
          nicolae_shop_behind_doors, shop_statue, shop
D:6:      layout_loops_ring, basic_altar, serial_bayou, serial_bayou_shore_a,
          serial_bayou_pond_b, serial_bayou_shore_b, serial_bayou_pond_b,
          elyvilon_altar_5, uniq_pikel
D:7:      cheibrodos_two_vegetables, layout_rooms, tgw_xom,
          minmay_temple_entry_proselytizer, grunt_ogre_cave,
          grunt_dithmenos_smoke
D:8:      layout_basic, grunt_temple_overflow_diamond, serial_shops,
          nicolae_shop_behind_doors, uniq_psyche
D:9:      minmay_slanted_spiral_squares, layout_cave_pools, uniq_harold
D:10:     layout_roguey, hiddenorc2_lemuel, basic_altar
D:11:     layout_stronghold, grunt_lair_entry_orc_guard_hut, serial_ice,
          serial_ice_d, serial_ice_c, serial_ice_m, serial_ice_k, serial_ice_a,
          ebering_ghost_rock_garden
D:12:     layout_rooms, gammafunk_ghost_spectres, bh_walls_and_bars, uniq_sonja,
          uniq_erolcha, uniq_jorgrun
D:13:     layout_rooms, serial_shops, shop, lemuel_mausoleum_altar_kikubaaqudgha
D:14:     layout_cave_pools, grunt_vaults_entry_tiered, serial_undead,
          serial_undead_b, serial_undead_d, serial_undead_b, serial_undead_a,
          basic_altar, small_statue_alley_a, nicolae_qazlal_eye_of_the_storm,
          uniq_snorg
Temple:   minmay_temple_bridge_d
Lair:1:   layout_big_grid, guppyfry_lair_drakes
Lair:2:   layout_big_grid, skrybe_swamp_entry_bodies, gammafunk_ghost_split,
          lemuel_centaur_altar
Lair:3:   layout_regular_city, minmay_snake_entry_guardpost_small, basic_altar,
          forest_entry_grove, grunt_megastairs_3, lemuel_fruit_tree,
          uniq_rupert, uniq_fannar

Skill      XL: |  1  2  3  4  5  6  7  8  9 10 11 12 13 |
---------------+----------------------------------------+-----
Hexes          | 4 5 6 7 9 10 12 13 14 | 14.9
Spellcasting   | 3 4 5 6 8 10 11 13 14 | 14.6
Stealth        | 5 6 7 8 10 11 12 13 14 | 14.0
Dodging        | 4 5 6 7 8 10 11 12 | 12.6
Short Blades   | 2 4 |  4.8

Action                   |  1- 3 |  4- 6 |  7- 9 | 10-12 | 13-15 || total
-------------------------+-------+-------+-------+-------+-------++-------
Melee: Dagger            |    98 |   128 |   273 |   475 |     4 ||   978
       Kick              |       |    27 |    49 |   100 |       ||   176
 Fire: Blowgun           |       |       |     4 |       |       ||     4
 Cast: Corona            |    13 |     5 |     2 |     7 |       ||    27
       Ensorcelled Hiber |     8 |    37 |    87 |   169 |     3 ||   304
       Confuse           |       |     2 |    34 |    69 |       ||   105
       Dazzling Spray    |       |     2 |     5 |    29 |       ||    36
Invok: Divine Energy     |       |       |       |     1 |       ||     1
  Use: Scroll            |     4 |     3 |     6 |    10 |     2 ||    25
       Potion            |     4 |     3 |     3 |     2 |       ||    12
 Stab: Sleeping          |    18 |    37 |    71 |   125 |     4 ||   255
       Confused          |       |     2 |    17 |    42 |       ||    61
       Invisible         |       |     1 |     2 |     5 |       ||     8
       Distracted        |       |       |       |     3 |       ||     3
  Eat: Ration            |       |     2 |     3 |     4 |       ||     9
Armor: Robe              |    11 |    17 |    14 |       |       ||    42
       Troll leather arm |       |       |       |    27 |     1 ||    28
       Acid dragon scale |       |       |       |     3 |       ||     3
Dodge: Dodged            |    64 |    88 |   210 |   447 |     3 ||   812

Table legend:
 A = Non-vault XP
 B = Vault XP
 C = Vault XP percentage of total XP
 D = Non-vault monster count
 E = Vault monster count
 F = Vault count percentage of total count
                 A         B        C        D         E       F
            +---------+---------+-------+---------+---------+-------
      Total |   25995 |   13137 |  33.6 |     306 |     130 |  29.8
            +---------+---------+-------+---------+---------+-------
        D:1 |      40 |       0 |   0.0 |      20 |       0 |   0.0
        D:2 |      81 |       0 |   0.0 |      19 |       0 |   0.0
        D:3 |     105 |       3 |   2.8 |      23 |       2 |   8.0
        D:4 |     330 |     255 |  43.6 |      17 |      30 |  63.8
        D:5 |     817 |       0 |   0.0 |      28 |       0 |   0.0
        D:6 |     586 |     947 |  61.8 |      16 |       7 |  30.4
        D:7 |    1529 |     716 |  31.9 |      31 |      12 |  27.9
        D:8 |    1951 |     434 |  18.2 |      15 |       1 |   6.2
        D:9 |    2051 |    3591 |  63.6 |      26 |      12 |  31.6
       D:10 |    2655 |     256 |   8.8 |      35 |      32 |  47.8
       D:11 |    4482 |    1149 |  20.4 |      33 |      11 |  25.0
       D:12 |     736 |    1027 |  58.3 |       3 |       1 |  25.0
       D:13 |      39 |       0 |   0.0 |       1 |       0 |   0.0
     Lair:1 |    4709 |     969 |  17.1 |      20 |       3 |  13.0
     Lair:2 |    3268 |     718 |  18.0 |       9 |       5 |  35.7
     Lair:3 |    2616 |    3072 |  54.0 |      10 |      14 |  58.3
            +---------+---------+-------+---------+---------+-------
